 Dungeon Sprint DCSS version 0.22-a0-874-g9cf2c4c (webtiles) character file.

8817 Brynnhild the Stickfighter (level 11, 96/104 HPs)
             Began as a Black Draconian Gladiator on July 27, 2018.
             Was the Champion of Cheibriados.
             Quit the game in the Dungeon (Sprint IX: "|||||||||||||||||||||||||||||") on July 28, 2018.
             The game lasted 00:05:08 (2129 turns).

Brynnhild the Stickfighter (DrGl)                   Turns: 2129, Time: 00:05:09

Health: 96/104     AC: 10    Str: 32    XL:     11   Next: 14%
Magic:  10/21      EV: 27    Int: 23    God:    Cheibriados [******]
Gold:   666        SH:  0    Dex: 36    Spells: 10/10 levels left

rFire    . . .     SeeInvis .   a - +0 quarterstaff
rCold    . . .     Gourm    .   (shield currently unavailable)
rNeg     . . .     Faith    .   (armour unavailable)
rPois    .         Spirit   .   b - +0 hat
rElec    +         Reflect  .   v - +0 cloak
rCorr    .         Harm     .   n - +0 pair of gloves
MR       .....     Rnd*Rage +   w - +0 pair of boots Stlth +++.......NoTele +
                                r - amulet of regeneration
HPRegen  0.67/turn              p - +2 ring of evasion
MPRegen  0.17/turn              q - +3 ring of dexterity

@: short of breath, very slow
A: breathe lightning, unfitting armour, agile 1, berserk 1, electricity
resistance, cold-blooded, MP-powered wands, AC +7
a: Breathe Lightning, Bend Time, Temporal Distortion, Slouch, Step From Time,
Renounce Religion


You were in the Dungeon.
You worshipped Cheibriados.
Cheibriados was exalted by your worship.
You were not hungry.

You visited 1 branch You collected 666 gold pieces.

Inventory:

Hand Weapons
 a - a +0 quarterstaff (weapon)
Missiles
 c - 3 throwing nets (quivered)
Armour
 b - a +0 hat (worn)
 n - a +0 pair of gloves (worn)
 v - a +0 cloak (worn)
 w - a +0 pair of boots (worn)
Jewellery
 p - a +2 ring of evasion (left hand)
 q - a +3 ring of dexterity (right hand)
 r - an amulet of regeneration (around neck)
Wands
 m - a wand of iceblast (10)
Scrolls
 j - 3 scrolls of blinking
 k - 3 scrolls of remove curse
 l - 2 scrolls of amnesia
 s - a scroll of fog
 t - 2 scrolls of enchant weapon
 u - 2 scrolls of identify
Potions
 e - 5 potions of curing
 f - a potion of heal wounds
 g - 3 potions of haste
 h - 4 potions of magic
 i - a potion of resistance
 o - a potion of agility
Comestibles
 d - 11 rations


   Skills:
 + Level 11.8 Fighting
 * Level 18.3 Staves
 - Level 2.2 Throwing
 + Level 10.0 Dodging
 * Level 13.4 Invocations


You had 10 spell levels left.
You didn't know any spells.
Your spell library was empty.

Dungeon Overview and Level Annotations

Branches:
Dungeon (1/1)

Altars:
Cheibriados
Dithmenos
Elyvilon
Fedhas
Gozag
Hepliaklqana
Kikubaaqudgha
Makhleb
Nemelex Xobeh
Okawaru
Qazlal
Ru
Sif Muna
Trog
Uskayaw
Vehumet
Wu Jian
Xom
Yredelemnul
Zin
The Shining One
Beogh
Jiyva
Lugonu


Innate Abilities, Weirdness & Mutations

You can breathe wild blasts of lightning.
Your glossy black scales are hard. (AC +7)
You cannot fit into any form of body armour.
You are resistant to electric shocks. (rElec)
You are cold-blooded and may be slowed by cold attacks.
You are agile. (Dex +2)
You tend to lose your temper in combat.
You expend magic power (3 MP) to strengthen your wands.


Message History

Cheibriados appreciates the change of pace.
You feel somewhat more hungry. The orc knight misses you.
Unknown command.
Unknown command.
Unknown command.
You can feel time thicken for a moment.
You kill the orc warrior!
Cheibriados appreciates the change of pace.
You kill the orc warrior!
Cheibriados thoroughly appreciates the change of pace.
Your Dodging skill increases to level 10!
You kill the orc warrior!
Cheibriados thoroughly appreciates the change of pace.
You feel somewhat more hungry. The orc knight closely misses you.
Unknown command.
Welcome back, Brynnhild the Black Draconian Gladiator.
Cheibriados says: Take it easy.
Press ? for a list of commands and other information.
Unknown command.
Are you sure you want to abandon this character and quit the game? (Confirm with "yes".)

▓▓▓▓▓▓▓▓▓▓▓▓▓▓▓▓▓▓▓▓▓▓▓▓
..'))))))[.....)@oo.[[$[
▓▓▓▓▓▓▓▓▓▓▓▓▓▓▓▓▓▓▓▓▓▓▓▓▓▓▓▓▓▓▓▓▓
.................................
▓▓▓▓▓▓▓▓▓▓▓▓▓▓▓▓▓▓▓▓▓▓▓▓▓▓▓▓▓▓▓▓▓
.!).(.....÷÷....÷...'††.......'÷.
▓▓▓▓▓▓▓▓▓▓▓▓▓▓▓▓▓▓▓▓▓▓▓▓▓▓▓▓▓▓▓▓▓
.................................
▓▓▓▓▓▓▓▓▓▓▓▓▓▓▓▓▓▓▓▓▓▓▓▓▓▓▓▓▓▓▓▓▓
†....'________________________'..


You could see 2 orc knights.

Vanquished Creatures
  Josephine (D)
  A hydra (D)
  A rakshasa (D)
  Erica (D)
  An orc knight (D)
  A cyclops (D)
  2 komodo dragons (D)
  A blink frog (D)
  A hippogriff (D)
  5 wraiths (D)
  5 yaks (D)
  A basilisk (D)
  4 wargs (D)
  3 porcupines (D)
  A hell hound (D)
  A water moccasin (D)
  8 orc warriors (D)
  3 wolves (D)
  2 centaurs (D)
  4 crocodiles (D)
  3 bullfrogs (D)
  4 orc priests (D)
  3 orc wizards (D)
  A worker ant (D)
  An adder (D)
  A worm (D)
  5 orcs (D)
  A hobgoblin (D)
  3 quokkas (D)
  A goblin (D)
  A kobold (D)
  2 rats (D)
73 creatures vanquished.

Notes
Turn   | Place    | Note
-------+----------+-------------------------------------------
     0 | D        | Brynnhild the Draconian Gladiator began the quest for the Orb.
     0 | D        | Reached XP level 1. HP: 17/17 MP: 1/1
    62 | D        | Reached skill level 4 in Staves
    64 | D        | Reached XP level 2. HP: 25/25 MP: 2/2
    69 | D        | Reached skill level 5 in Staves
   240 | D        | Found a roughly hewn altar of Beogh.
   240 | D        | Found a snail-covered altar of Cheibriados.
   240 | D        | Found a shadowy altar of Dithmenos.
   240 | D        | Found a white marble altar of Elyvilon.
   240 | D        | Found a blossoming altar of Fedhas.
   240 | D        | Found an opulent altar of Gozag.
   241 | D        | Found a hazy altar of Hepliaklqana.
   242 | D        | Found a viscous altar of Jiyva.
   243 | D        | Found an ancient bone altar of Kikubaaqudgha.
   244 | D        | Became a worshipper of Cheibriados the Contemplative
   245 | D        | Found a corrupted altar of Lugonu.
   246 | D        | Found a burning altar of Makhleb.
   247 | D        | Found a sparkling altar of Nemelex Xobeh.
   248 | D        | Found an iron altar of Okawaru.
   249 | D        | Found a stormy altar of Qazlal.
   250 | D        | Found a sacrificial altar of Ru.
   251 | D        | Found a deep blue altar of Sif Muna.
   252 | D        | Found a bloodstained altar of Trog.
   253 | D        | Found a hide-covered altar of Uskayaw.
   254 | D        | Found a radiant altar of Vehumet.
   255 | D        | Found an ornate altar of the Wu Jian Council.
   256 | D        | Found a shimmering altar of Xom.
   257 | D        | Found a basalt altar of Yredelemnul.
   258 | D        | Found a glowing silver altar of Zin.
   259 | D        | Found a glowing golden altar of the Shining One.
   295 | D        | Noticed a centaur
   295 | D        | Noticed a yak
   295 | D        | Noticed a bullfrog
   295 | D        | Noticed a yak
   304 | D        | Reached * piety under Cheibriados
   304 | D        | Reached skill level 6 in Staves
   304 | D        | Reached skill level 1 in Invocations
   304 | D        | Reached XP level 3. HP: 16/31 MP: 2/4
   315 | D        | Killed a centaur
   315 | D        | Reached skill level 8 in Staves
   315 | D        | Reached XP level 4. HP: 13/40 MP: 3/6
   326 | D        | Killed a yak
   326 | D        | Reached ** piety under Cheibriados
   326 | D        | Reached skill level 10 in Staves
   326 | D        | Reached skill level 5 in Dodging
   326 | D        | Reached XP level 5. HP: 35/47 MP: 4/8
   326 | D        | Reached XP level 6. HP: 39/53 MP: 4/9
   330 | D        | Reached skill level 5 in Fighting
   337 | D        | Killed a yak
   337 | D        | Reached skill level 11 in Staves
   337 | D        | Reached skill level 5 in Invocations
   525 | D        | Noticed a yak
   525 | D        | Noticed an orc warrior
   525 | D        | Noticed a rakshasa
   525 | D        | Noticed a cyclops
   525 | D        | Noticed an orc warrior
   531 | D        | Killed a yak
   531 | D        | Reached skill level 12 in Staves
   531 | D        | Your scales start taking on a glossy black colour.
   531 | D        | Reached XP level 7. HP: 54/63 MP: 11/11
   531 | D        | Gained mutation: You are resistant to electric shocks. (rElec) [Black Draconian growth]
   536 | D        | Killed a rakshasa
   536 | D        | Reached *** piety under Cheibriados
   536 | D        | Reached skill level 14 in Staves
   536 | D        | Reached XP level 8. HP: 45/73 MP: 11/13
   546 | D        | Reached **** piety under Cheibriados
   555 | D        | Killed a cyclops
   558 | D        | Reached skill level 15 in Staves
   968 | D        | Noticed a hippogriff
   968 | D        | Noticed an eight-headed hydra
   968 | D        | Noticed a komodo dragon
   974 | D        | Reached XP level 9. HP: 64/81 MP: 15/15
   975 | D        | Reached ***** piety under Cheibriados
   976 | D        | Noticed a komodo dragon
   984 | D        | Killed an eight-headed hydra
   984 | D        | Reached skill level 16 in Staves
   986 | D        | Killed a komodo dragon
   992 | D        | Killed a komodo dragon
   993 | D        | HP: 3/84 [yak (4)]
  1233 | D        | Reached skill level 10 in Invocations
  1233 | D        | Reached XP level 10. HP: 93/93 MP: 11/17
  1233 | D        | Reached skill level 10 in Fighting
  1233 | D        | Reached skill level 17 in Staves
  1239 | D        | Reached ****** piety under Cheibriados
  1506 | D        | Noticed Erica
  1534 | D        | Gained mutation: You tend to lose your temper in combat. [potion of mutation]
  1534 | D        | Gained mutation: You expend magic power (3 MP) to strengthen your wands. [potion of mutation]
  1534 | D        | Gained mutation: You are agile. (Dex +2) [potion of mutation]
  1576 | D        | Killed Erica
  1594 | D        | Noticed Josephine
  1608 | D        | Killed Josephine
  1608 | D        | Reached skill level 18 in Staves
  1869 | D        | Noticed an orc knight
  1872 | D        | Reached XP level 11. HP: 102/102 MP: 20/20
  1881 | D        | Killed an orc knight
  2124 | D        | Noticed an orc knight
  2124 | D        | Noticed an orc knight
  2128 | D        | Reached skill level 10 in Dodging
  2129 | D        | Upgraded the game from 0.22-a0-863-g005b4bd to 0.22-a0-874-g9cf2c4c
  2129 | D        | Quit the game

Vault maps used:
D:        linesprint

Skill      XL: |  1  2  3  4  5  6  7  8  9 10 11 |
---------------+----------------------------------+-----
Dodging        | 3 4 5 6 7 8 9 10 | 10.0
Staves         | 4 6 8 10 12 14 15 16 18 | 18.3
Throwing       | 2 |  2.2
Fighting       | 3 4 6 7 8 9 11 | 11.8
Invocations    | 1 3 4 5 7 8 10 12 13 | 13.4

Action                   |  1- 3 |  4- 6 |  7- 9 | 10-12 || total
-------------------------+-------+-------+-------+-------++-------
Melee: Quarterstaff      |    38 |    25 |    43 |    95 ||   201
       Tailslap          |     4 |     4 |    13 |    23 ||    44
Invok: Slouch            |       |       |     5 |     5 ||    10
 Abil: Breathe Lightning |       |       |     2 |     4 ||     6
  Use: Potion            |     2 |     2 |       |     1 ||     5
 Stab: Invisible         |       |     1 |     4 |       ||     5
       Sleeping          |       |       |       |     1 ||     1
  Eat: Chunk             |       |       |       |     3 ||     3
Armor: Skin              |     4 |     3 |     2 |     5 ||    14
Dodge: Dodged            |    21 |    13 |    41 |    64 ||   139

Table legend:
 A = Spawn XP
 B = Non-spawn XP
 C = Spawn XP percentage of total XP
 D = Spawn monster count
 E = Non-spawn monster count
 F = Spawn count percentage of total count
 G = Total turns spent on level
                    A         B        C        D         E        F      G
               +---------+---------+-------+---------+---------+-------+---------
         Total |       0 |   12596 |   0.0 |       0 |      73 |   0.0 |  2129
               +---------+---------+-------+---------+---------+-------+---------
             D |       0 |   12596 |   0.0 |       0 |      73 |   0.0 |  2129
               +---------+---------+-------+---------+---------+-------+---------
